 Dungeon Crawl Stone Soup version 0.30.1 (webtiles) character file.

Game seed: 8301084745892369612

2156 cayman329 the Cudgeller (level 9, 0/71 (74) HPs)
             Began as a Gnoll Cinder Acolyte on July 3, 2023.
             Was a Believer of Ignis.
             Slain by a wight
             ... wielding a +0 halberd
              (12 damage)
             ... on level 7 of the Dungeon.
             The game lasted 00:17:51 (7601 turns).

cayman329 the Cudgeller (Gnoll Cinder Acolyte)      Turns: 7601, Time: 00:17:51

HP:   0/71 (74)     AC: 14    Str: 16    XL:     9   Next: 31%
MP:   16/16         EV: 12    Int: 24    God:    Ignis [**....]
Gold: 253           SH:  0    Dex: 10    Spells: 9/18 levels left

rFire   + . .        T - +11 hammer "Zowikuce" {freeze, rC+ Int+5}
rCold   + + .        (no shield)
rNeg    . . .        y - +1 leather armour {rC+}
rPois   .            (no helmet)
rElec   .            L - +0 cloak
rCorr   .            (no gloves)
SInv    .            u - +1 pair of boots
Will    .....        (no amulet)
Stlth   ++           A - ring of wizardry
HPRegen 0.31/turn    g - +6 ring of intelligence
MPRegen 0.15/turn

%: wizardry (x1)
@: fiery-armoured, lightly drained
A: fangs 1, strong nose, distributed training
a: Renounce Religion, Fiery Armour, Foxfire Swarm, Rising Flame


You were on level 7 of the Dungeon.
You worshipped Ignis.
Ignis was pleased with you.
You visited 1 branch of the dungeon, and saw 7 of its levels.

You collected 358 gold pieces.
You spent 105 gold pieces at shops.

Inventory:

Hand Weapons
 a - a +4 scimitar
 B - a +2 whip of electrocution
 D - a +0 war axe
 O - a +0 halberd
 P - the +12 hammer of Peril {drain, rElec Dex+2}
   (You found it on level 6 of the Dungeon)

   Dex:       It affects your dexterity (+2).
   rElec:     It insulates you from electricity.
 R - a +2 hammer of venom
 S - a +3 quarterstaff of chaos
 T - the +11 hammer "Zowikuce" (weapon) {freeze, rC+ Int+5}
   (You found it on level 6 of the Dungeon)

   Int:       It affects your intelligence (+5).
   rC:        It protects you from cold.
Missiles
 k - 13 poisoned darts (quivered)
 p - 4 boomerangs
 J - 24 stones
Armour
 b - a +0 robe
 d - a +0 leather armour
 q - a +0 ring mail
 t - a +0 kite shield
 u - a +1 pair of boots (worn)
 y - a +1 leather armour of cold resistance (worn)
 L - a +0 cloak (worn)
Magical Staves
 K - a staff of fire
Jewellery
 f - a ring of positive energy
 g - a +6 ring of intelligence (right hand)
 A - a ring of wizardry (left hand)
 C - a ring of magical power
Wands
 l - a wand of iceblast (5)
 w - a wand of polymorph (2)
Scrolls
 c - a scroll of immolation {unknown}
 e - a scroll of amnesia {unknown}
 h - 6 scrolls of identify
 i - 3 scrolls of magic mapping
 m - 2 scrolls of fear {unknown}
 n - 6 scrolls of teleportation {unknown}
 F - a scroll of fog {unknown}
 G - a scroll of noise {unknown}
 M - a scroll of blinking {unknown}
Potions
 j - a potion of haste {unknown}
 o - 2 potions of attraction
 r - a potion of flight {unknown}
 s - a potion of magic
 v - a potion of lignification {unknown}
 x - a potion of heal wounds {unknown}
 z - 2 potions of brilliance {unknown}
 E - 2 potions of might {unknown}
 H - 2 potions of resistance
 I - a potion of berserk rage {unknown}
 N - 3 potions of curing {unknown}


   Skills:
 + Level 7.9 Fighting
 + Level 4.3 Short Blades
 + Level 4.3 Long Blades
 + Level 4.3 Axes
 + Level 7.9 Maces & Flails
 + Level 4.3 Polearms
 + Level 4.3 Staves
 + Level 4.3 Ranged Weapons
 + Level 4.3 Throwing
 + Level 4.3 Armour
 + Level 4.3 Dodging
 + Level 4.3 Stealth
 + Level 4.3 Shields
 + Level 4.3 Unarmed Combat
 + Level 5.2 Spellcasting
 + Level 3.5 Conjurations
 + Level 3.5 Hexes
 + Level 3.5 Summonings
 + Level 3.5 Necromancy
 + Level 3.5 Translocations
 + Level 3.5 Transmutations
 + Level 6.6 Fire Magic
 + Level 3.5 Ice Magic
 + Level 3.5 Air Magic
 + Level 3.5 Earth Magic
 + Level 3.5 Poison Magic
 + Level 4.7 Invocations
 + Level 4.3 Evocations


You had 9 spell levels left.
You knew the following spells:

 Your Spells              Type           Power      Damage    Failure   Level
a - Scorch                Fire           74%        2d8       1%          2
b - Slow                  Hex            92%        N/A       1%          1
c - Confusing Touch       Hex            23%        N/A       2%          3
d - Tukima's Dance        Hex            23%        N/A       2%          3

Your spell library contained the following spells:

 Spells                   Type           Power      Damage    Failure   Level
 Apportation              Tloc           46%        N/A       1%          1
 Portal Projectile        Hex/Tloc       46%        N/A       2%          3
 Vampiric Draining        Necr           23%        2d7       2%          3
 Alistair's Intoxication  Tmut/Pois      15%        N/A       26%         5
 Blade Hands              Tmut           11%        N/A       26%         5


Dungeon Overview and Level Annotations

Branches:
Dungeon (7/15)             Temple (0/1) D:7

Altars:
Ashenzari
Cheibriados
Fedhas
Gozag
Makhleb
The Shining One

Shops:
D:3 :=?*


Innate Abilities, Weirdness & Mutations

You have very sharp teeth.
Your uncanny sense of smell can sniff out nearby items.
Your experience applies equally to all skills.


Message History

A wight comes into view. It is wielding a +4 scimitar.
The wight hits you with a +0 morningstar.
You hit the wight.
You destroy the wight!
The wight hits you with a +4 scimitar.
You feel drained.
You hear the steady creaking of a very distant portcullis.
You hear the brisk hiss of a very distant avalanche of sand.
Things that are here:
a +0 morningstar; a +0 robe You hit the wight.
The wight is moderately damaged.
The wight hits you with a +4 scimitar!
* * * LOW HITPOINT WARNING * * *
You sock the wight!
The wight is almost destroyed.
The wight hits you with a +4 scimitar!
* * * LOW HITPOINT WARNING * * *
You barely miss the wight.
The wight is almost destroyed.
The wight closely misses you.
You sock the wight!
You destroy the wight!
Items here: )) [[.
a - a +4 scimitar
As you read the scroll of identify, it crumbles to dust.
o - 2 potions of attraction
Things that are here:
a +0 robe; a +0 morningstar; a +0 robe
Things that are here:
a +0 trident; a +0 robe
Found a glowing golden altar of the Shining One.
You now have 253 gold pieces (gained 6).
A wight comes into view.
It is wielding a +5 long sword. 2 wights come into view.
A protective cloak of flame settles atop you.
Activating: Foxfire Swarm
Press: ? - help, Dir - look around, f - activate Flames leap up around you!
The wight hits you from afar with a +0 halberd!
You die...

#...# ###.#
#.#.# #.#
#.#.# #.#
#.#.# ##[#.#
##.)#..
##vv###z.##
##vvvv#....#
#.vv@zvz....
######z#####
_.# .## #


You could see 3 wights.

Vanquished Creatures
  Grinder (D:6)
  A wraith (D:6)
  A water moccasin (D:5)
  A black bear (D:6)
  An ogre (D:6)
  3 phantoms
  A kobold brigand (D:6)
  A scorpion (D:5)
  3 wights (D:7)
  4 killer bees
  A howler monkey (D:4)
  2 bullfrog zombies (D:5)
  Crazy Yiuf (D:6)
  2 orc priests
  A bullfrog skeleton (D:5)
  A gnoll bouda (D:6)
  2 hounds
  2 jellies
  3 iguanas
  3 orc wizards
  A killer bee zombie (D:5)
  4 gnolls (D:6)
  12 adders
  A shadow imp (D:5)
  A white imp (D:6)
  3 ufetubi
  2 worms (D:2)
  The ghost of salammoniac the Sneak, a weakling KoDe (D:5)
  3 dart slugs
  15 orcs
  7 endoplasms
  A giant cockroach (D:1)
  8 goblins
  9 hobgoblins
  7 jackals (D:1)
  12 kobolds
  5 quokkas
  6 ball pythons
  5 bats
  2 frilled lizards
  9 rats
149 creatures vanquished.

Vanquished Creatures (others)
  A dancing weapon (D:6)
  12 foxfires
13 creatures vanquished.

Grand Total: 162 creatures vanquished

Notes
Turn   | Place    | Note
-------+----------+-------------------------------------------
     0 | D:1      | cayman329 the Gnoll Cinder Acolyte began the quest for the
                  | Orb.
     0 | D:1      | Reached XP level 1. HP: 23/23 MP: 4/4
    84 | D:1      | Reached XP level 2. HP: 4/29 MP: 5/5
    87 | D:1      | Learned a level 2 spell: Scorch
   423 | D:1      | Reached XP level 3. HP: 30/35 MP: 4/7
   734 | D:1      | Found a faded altar of an unknown god.
   759 | D:1      | Reached skill level 1 in Invocations
   942 | D:2      | Reached skill level 1 in Short Blades
   942 | D:2      | Reached skill level 1 in Long Blades
   942 | D:2      | Reached skill level 1 in Axes
   942 | D:2      | Reached skill level 1 in Polearms
   942 | D:2      | Reached skill level 1 in Staves
   942 | D:2      | Reached skill level 1 in Ranged Weapons
   942 | D:2      | Reached skill level 1 in Throwing
   942 | D:2      | Reached skill level 1 in Armour
   942 | D:2      | Reached skill level 1 in Dodging
   942 | D:2      | Reached skill level 1 in Stealth
   942 | D:2      | Reached skill level 1 in Shields
   942 | D:2      | Reached skill level 1 in Unarmed Combat
   942 | D:2      | Reached skill level 1 in Evocations
   967 | D:2      | Reached XP level 4. HP: 39/41 MP: 2/8
  1709 | D:2      | Reached skill level 1 in Conjurations
  1709 | D:2      | Reached skill level 1 in Hexes
  1709 | D:2      | Reached skill level 1 in Summonings
  1709 | D:2      | Reached skill level 1 in Necromancy
  1709 | D:2      | Reached skill level 1 in Translocations
  1709 | D:2      | Reached skill level 1 in Transmutations
  1709 | D:2      | Reached skill level 1 in Ice Magic
  1709 | D:2      | Reached skill level 1 in Air Magic
  1709 | D:2      | Reached skill level 1 in Earth Magic
  1709 | D:2      | Reached skill level 1 in Poison Magic
  2106 | D:3      | Found Fuzie's Assorted Antiques.
  2177 | D:3      | Found Ducyi's Magic Scroll Emporium.
  2189 | D:3      | Reached XP level 5. HP: 46/47 MP: 6/9
  2327 | D:3      | Bought a scroll of enchant armour for 105 gold pieces
  2369 | D:3      | Found a blossoming altar of Fedhas.
  2373 | D:3      | Learned a level 1 spell: Slow
  2373 | D:3      | Found a broken altar of Ashenzari.
  2525 | D:3      | Found Daegicli's Jewellery Emporium.
  2552 | D:3      | Found Hirhix's Book Emporium.
  2577 | D:3      | Learned a level 3 spell: Confusing Touch
  2956 | D:3      | Reached XP level 6. HP: 52/53 MP: 5/11
  3480 | D:4      | Found a burning altar of Makhleb.
  3482 | D:4      | Found a snail-covered altar of Cheibriados.
  3734 | D:5      | Entered Level 5 of the Dungeon
  3754 | D:5      | Reached XP level 7. HP: 60/60 MP: 9/12
  3986 | D:5      | Found an opulent altar of Gozag.
  4209 | D:5      | Found a transporter.
  4213 | D:5      | Noticed salammoniac's ghost (weakling KoDe)
  4217 | D:5      | Found a transporter.
  5094 | D:5      | Killed salammoniac's ghost
  5113 | D:5      | Reached XP level 8. HP: 41/67 MP: 14/14
  5538 | D:6      | Noticed Grinder
  5976 | D:6      | Paralysed by Grinder for 3 turns
  6004 | D:6      | Killed Grinder
  6106 | D:6      | Noticed a wraith
  6126 | D:6      | Killed a wraith
  6400 | D:6      | Learned a level 3 spell: Tukima's Dance
  6659 | D:6      | Identified the +12 hammer of Peril {drain, rElec Dex+2}
  6670 | D:6      | Found a runed translucent door.
  6671 | D:6      | Noticed Crazy Yiuf
  6764 | D:6      | Killed Crazy Yiuf
  6765 | D:6      | Reached XP level 9. HP: 60/73 MP: 4/16
  6771 | D:6      | Identified the +11 hammer "Zowikuce" {freeze, rC+ Int+5}
  6952 | D:6      | Reached skill level 5 in Spellcasting
  7541 | D:7      | Found a staircase to the Ecumenical Temple.
  7595 | D:7      | Found a glowing golden altar of the Shining One.
  7601 | D:7      | Slain by a wight

Illustrated notes

Levels and vault maps discovered:
D:1:      ldierk_walled_garden_2, layout_rooms,
          hellmonk_ecumenical_altar_dog_temple
D:2:      layout_loops_cross, chequers_big_river, chequers_serial_rivers_room_a
D:3:      layout_rooms, jmf_multi_god_temple, serial_shops,
          nicolae_shop_just_a_little_nook, nicolae_book_shop_shelving,
          nicolae_shop_just_a_little_nook, shop, minmay_misc_feat_five,
          kennysheep_generic_room_5
D:4:      layout_rooms, nicolae_overflow_hidden_temple
D:5:      layout_basic, mainiacjoe_overflow_boulevard,
          gammafunk_ghost_mausoleum, minmay_misc_feat_columns, minmay_holes,
          minmay_crossroads
D:6:      layout_loops_ring, supply_closet_lemuel, nicolae_figureground_pulse,
          uniq_crazy_yiuf_cottage, uniq_grinder
D:7:      layout_loops_corners, nicolae_tso_swordbearing_angel,
          minmay_temple_entry_sparse_star, enter_bailey_2, enter_ossuary_2,
          gammafunk_ghost_grave, minmay_misc_feat_encased,
          dreamdust_princess_corridor, hangedman_misty_isle, uniq_menkaure,
          uniq_maggie, uniq_pikel

Skill      XL: |  1  2  3  4  5  6  7  8  9 |
---------------+----------------------------+-----
Invocations    | 1 2 3 4 |  4.7
Short Blades   | 1 2 3 4 |  4.3
Long Blades    | 1 2 3 4 |  4.3
Axes           | 1 2 3 4 |  4.3
Polearms       | 1 2 3 4 |  4.3
Staves         | 1 2 3 4 |  4.3
Ranged Weapons | 1 2 3 4 |  4.3
Throwing       | 1 2 3 4 |  4.3
Armour         | 1 2 3 4 |  4.3
Dodging        | 1 2 3 4 |  4.3
Stealth        | 1 2 3 4 |  4.3
Shields        | 1 2 3 4 |  4.3
Unarmed Combat | 1 2 3 4 |  4.3
Evocations     | 1 2 3 4 |  4.3
Spellcasting   | 3 4 5 |  5.2
Conjurations   | 1 2 3 |  3.5
Hexes          | 1 2 3 |  3.5
Summonings     | 1 2 3 |  3.5
Necromancy     | 1 2 3 |  3.5
Translocations | 1 2 3 |  3.5
Transmutations | 1 2 3 |  3.5
Ice Magic      | 1 2 3 |  3.5
Air Magic      | 1 2 3 |  3.5
Earth Magic    | 1 2 3 |  3.5
Poison Magic   | 1 2 3 |  3.5
Fighting       | 7 |  7.9
Maces & Flails | 7 |  7.9
Fire Magic     | 6 |  6.6

Action                     |  1- 3 |  4- 6 |  7- 9 || total
---------------------------+-------+-------+-------++-------
  Melee: Mace              |    67 |     4 |    33 ||   104
         Bite              |     7 |    10 |    17 ||    34
         Punch             |     1 |     1 |     2 ||     4
         Short sword       |       |    41 |       ||    41
         Whip              |       |   101 |   140 ||   241
  Throw: Dart              |       |     1 |     1 ||     2
   Cast: Scorch            |    11 |    32 |    38 ||    81
         Slow              |       |     7 |     7 ||    14
         Confusing Touch   |       |       |     1 ||     1
         Tukima's Dance    |       |       |     4 ||     4
 Invoke: Fiery Armour      |     1 |     1 |     2 ||     4
         Foxfire Swarm     |       |       |     3 ||     3
    Use: Scroll            |       |     3 |     1 ||     4
   Stab: Confused          |       |       |     1 ||     1
 Armour: Leather armour    |    54 |    80 |    78 ||   212
         Ring mail         |       |    13 |       ||    13
  Dodge: Dodged            |    94 |   131 |   130 ||   355
